 Dungeon Crawl Stone Soup version 0.18.1-48-g4cf74bf (webtiles) character file.

111 MistressOfTheDunes the Insei (level 4, -1/35 HPs)
             Began as a Mummy Monk on July 20, 2016.
             Slain by an orc
             ... wielding a +0 whip
              (5 damage)
             ... on level 3 of the Dungeon.
             The game lasted 00:02:14 (2951 turns).

MistressOfTheDunes the Insei (Mummy Monk)           Turns: 2951, Time: 00:02:15

Health: -1/35      AC:  0    Str: 14    XL:     4   Next: 62%
Magic:  4/4        EV: 13    Int:  9    God:
Gold:   115        SH:  0    Dex: 15    Spells: 0 memorised, 3 levels left

rFire  x . .     SeeInvis .       - Unarmed
rCold  + . .     Gourm    .     (no armour)
rNeg   + + +     Faith    .     (no shield)
rPois  ∞         Spirit   .     (no helmet)
rElec  .         Dismiss  .     (no cloak)
rCorr  .         Reflect  .     (no gloves)
SustAt .         Harm     .     (no boots)
MR     .....                    (no amulet)
Stlth  ++........               (no ring)
                                (no ring)

@: not resistant to hostile enchantments, unstealthy
A: no food or potions, fire vulnerability, cold resistance 1, negative energy
resistance 3, torment resistance, unbreathing
a: no special abilities


You were on level 3 of the Dungeon.
You were not hungry.

You visited 1 branch of the dungeon, and saw 3 of its levels.

You collected 115 gold pieces.


Innate Abilities, Weirdness & Mutations

You do not eat or drink.
Your flesh is vulnerable to fire.
You are immune to poison.
Your flesh is cold resistant.
You are immune to negative energy.
You are immune to unholy pain and torment.
You can survive without breathing.


   Skills:
 - Level 3.0 Fighting
 + Level 2.5 Dodging
 - Level 1.5 Stealth
 - Level 5.0 Unarmed Combat


You had 3 spell levels left.
You didn't know any spells.

Inventory:

Scrolls
 a - 2 scrolls of teleportation {unknown}
 b - a scroll of amnesia {unknown}
 c - a scroll of fear {unknown}
 d - 3 scrolls of remove curse {unknown}
 e - a scroll of recharging {unknown}
 f - 5 scrolls of identify {unknown}

Dungeon Overview and Level Annotations

Branches:
Dungeon (3/15)

Altars:
Makhleb
Yredelemnul

▒ ▒ ▒ ▒ ▒ ▒▒▒ ..▒
▒.▒▒▒▒▒▒▒▒▒▒▒▒▒▒▒▒▒▒▒▒▒
.............†..Mo..).▒▒
▒▒▒▒▒▒▒▒▒▒▒▒▒▒▒▒▒▒▒▒▒..▒
▒▒▒▒▒▒▒▒ ......oo)▒.▒
........
......o..'......
▒▒▒▒▒▒▒▒
.........▒.▒▒▒▒▒ ▒▒▒▒▒▒▒
.o...o...▒.▒ ..(...▒
.........▒.▒ ▒▒▒▒▒.▒
.........▒o▒ ▒.▒
▒▒▒▒▒▒▒▒▒▒.▒


You could see an orc.


Message History

The orc is severely wounded!
The orc hits you! * * * don't die
* * * You pummel the orc like a punching bag!
You annihilate the orc!!!
You squash the orc like an ant!
The orc is severely wounded!
The orc barely misses you!
You pulverise the orc!!!
You annihilate the orc!!!
The giant cockroach closely misses you!
You pummel the giant cockroach but do no damage!
The giant cockroach bites you! * * * don't die
* * * You barely miss the giant cockroach!
The giant cockroach bites you! * * * don't die
* * *
Here: a giant cockroach (clinging)
The floor!
You barely miss the giant cockroach! The giant cockroach misses you!
The giant cockroach barely misses you!
You pulverise the giant cockroach!!!
You annihilate the giant cockroach!!!
You closely miss the orc!
The orc hits you with a whip! * * * don't die
* * * You beat the orc into a bloody pulp!!!
The orc is almost dead!
You barely miss the orc!
The orc is almost dead!
The orc hits you with a whip! rip

Action                   |  1- 3 |  4- 6 || total
-------------------------+-------+-------++-------
Melee: Unarmed           |   102 |    70 ||   172
       Punch             |     1 |     4 ||     5
 Stab: Sleeping          |     5 |       ||     5
Dodge: Dodged            |    64 |    38 ||   102

Vault maps used:
D:1:      lightli_arrival_lavapool, dk_noncrumbling_4
D:2:      lemuel_doored_altar, yredelemnul_altar_generic

Notes
Turn   | Place    | Note
--------------------------------------------------------------
     0 | D:1      | MistressOfTheDunes the Mummy Monk began the quest for the Orb.
     0 | D:1      | Reached XP level 1. HP: 18/18 MP: 1/1
   532 | D:1      | Reached XP level 2. HP: 23/24 MP: 2/2
   846 | D:1      | Reached skill level 4 in Unarmed Combat
  1159 | D:2      | Reached XP level 3. HP: 23/29 MP: 3/3
  1224 | D:2      | Found a burning altar of Makhleb.
  1964 | D:2      | Found a basalt altar of Yredelemnul.
  2058 | D:2      | Reached XP level 4. HP: 24/35 MP: 4/4
  2926 | D:3      | Reached skill level 5 in Unarmed Combat
  2951 | D:3      | Slain by an orc

Vanquished Creatures
  5 adders
  An ooze (D:2)
  A worm (D:2)
  2 dart slugs (D:1)
  2 giant geckos (D:2)
  8 orcs
  2 giant cockroaches
  2 hobgoblins
  6 kobolds
  A quokka (D:2)
  A ball python (D:2)
  6 bats
  4 giant newts
  4 goblins
  5 rats
50 creatures vanquished.
